 Dungeon Crawl Stone Soup version 0.31.0-9-g3a7656b989 (webtiles) character file.

Game seed: 12807386535979442277

85 qw the Shooter (level 4, 0/25 HPs)
             Began as a Deep Elf Hunter on Feb 3, 2024.
             Succumbed to their own poison gas
             ... on level 2 of the Dungeon.
             The game lasted 00:00:30 (1843 turns).

qw the Shooter (Deep Elf Hunter)                    Turns: 1843, Time: 00:00:31

Health: 0/25       AC:  6    Str: 10    XL:     4   Next: 25%
Magic:  6/6        EV: 25    Int: 14    God:
Gold:   85         SH:  0    Dex: 24    Spells: 3/3 levels left

rFire   . . .        a - +0 shortbow
rCold   . . .        (shield currently unavailable)
rNeg    . . .        e - +0 scale mail
rPois   .            (no helmet)
rElec   .            (no cloak)
rCorr   .            (no gloves)
SInv    .            (no boots)
Will    .....        h - amulet of the acrobat
Stlth   +            l - +6 ring of dexterity
HPRegen 0.24/turn    (no ring)
MPRegen 0.10/turn

%: acrobat
@: lethally poisoned (0 -> -1), acrobatic
A: no striking features
a: no special abilities


You were on level 2 of the Dungeon.
You visited 1 branch of the dungeon, and saw 2 of its levels.

You collected 85 gold pieces.


   Skills:
 - Level 1.5 Fighting
 + Level 7.4 Ranged Weapons
 - Level 3.0 Dodging
 - Level 1.2 Stealth


You had 3 spell levels left.
You didn't know any spells.
Your spell library was empty.

Inventory:

Hand Weapons
 a - a +0 shortbow (weapon)
Armour
 e - a +0 scale mail (worn)
Jewellery
 h - an amulet of the acrobat (around neck)
 l - a +6 ring of dexterity (left hand)
Potions
 b - a potion of haste {unknown}
 d - a potion of resistance
 j - a potion of enlightenment {unknown}

Dungeon Overview and Level Annotations

Branches:
Dungeon (2/15)

Altars:

Shops:
D:1 [


Message History

1833 ||| READING scroll labelled EGIPEI PINLACS.
The air fills with toxic fumes!
As you read the scroll labelled EGIPEI PINLACS, it crumbles to dust.
It was a scroll of poison.
Done exploring.
What level of the Dungeon? (default 2, ? - help) Sorry, I don't know how to get there.
Enter note:
Enter note:
Enter note:
Enter note:
Enter note:
Enter note:
Enter note:
Enter note:
Enter note:
Enter note:
Enter note:
Enter note: You are engulfed in poison gas.
You are poisoned.
You feel very sick.
1835 ||| Stepping ~*~*~tactically~*~*~ (cloud).
You feel very sick.
You see here a +0 leather armour.
There is a lethal amount of poison in your body!
You feel very sick.
There is a lethal amount of poison in your body!
You feel sick.
There is a lethal amount of poison in your body!
You feel sick.
There is a lethal amount of poison in your body!
You feel sick.
There is a lethal amount of poison in your body!
You feel sick.
There is a lethal amount of poison in your body!
You feel sick.
There is a lethal amount of poison in your body!
You feel sick.
There is a lethal amount of poison in your body!
You die...

####### ####### ......#
##########...... #####.#
#.¤.........#.#. #.#
#¤########...... #.# ##.# #...#..
#.###### ##.0# #...##. #......#
#@#.# #.#.#.. ######.# ##0##
#.##.#. #.# #.# #...... #.# #¤#
####'## #.# #¤# ##...# # ### #.#
#0#### ##..... ## ##.###.##
#0##.## ##......
.####..%....#####¤#...####.......
.'.......%...............'.......


There were no monsters in sight!

Vanquished Creatures
  Terence (D:2)
  3 dart slugs
  3 ribbon worms (D:2)
  An endoplasm (D:2)
  3 giant cockroaches (D:2)
  8 goblins
  4 hobgoblins (D:1)
  A quokka (D:2)
  3 ball pythons
  11 bats
  6 frilled lizards
  3 kobolds
  A rat (D:1)
48 creatures vanquished.

Notes
Turn   | Place    | Note
-------+----------+-------------------------------------------
     0 | D:1      | qw the Deep Elf Hunter began the quest for the Orb.
     0 | D:1      | Reached XP level 1. HP: 12/12 MP: 3/3
     0 | D:1      | 0 ||| qw: Version: 0.3-a-155-g5e7d8dd
     0 | D:1      | 0 ||| qw: Game counter: 3019
     0 | D:1      | 0 ||| qw: Melee chars always use a shield: true
     0 | D:1      | 0 ||| qw: God list: Okawaru
     0 | D:1      | 0 ||| qw: Allow faded altars: false
     0 | D:1      | 0 ||| qw: Do Orc after clearing Dungeon:15 true
     0 | D:1      | 0 ||| qw: Do second Lair branch before Depths: true
     0 | D:1      | 0 ||| qw: Lair rune preference: random
     0 | D:1      | 0 ||| qw: Goals: Normal
     0 | D:1      | 0 ||| PLANNING D:1-11
   183 | D:1      | Reached XP level 2. HP: 12/16 MP: 4/4
   342 | D:1      | Reached skill level 6 in Ranged Weapons
   688 | D:1      | Found Daix's Antique Armour Shop.
   691 | D:1      | 691 ||| SHOPLISTING bloodstained ring mail (234 gold, have
                  | 22).
   691 | D:1      | 691 ||| SHOPLISTING glowing ring mail (182 gold, have 22).
   691 | D:1      | 691 ||| SHOPLISTING pair of embroidered gloves (195 gold,
                  | have 22).
   691 | D:1      | 691 ||| SHOPLISTING pair of gloves (117 gold, have 22).
   691 | D:1      | 691 ||| SHOPLISTING ring mail (104 gold, have 22).
   691 | D:1      | 691 ||| SHOPLISTING runed ring mail (182 gold, have 22).
   691 | D:1      | 691 ||| SHOPLISTING scale mail (104 gold, have 22).
   905 | D:1      | 905 ||| UPGRADING to amulet of the acrobat.
   910 | D:1      | 910 ||| UPGRADING to +6 ring of dexterity.
   911 | D:1      | 911 ||| READING scroll labelled VEM FUSMEGAT.
   912 | D:1      | 912 ||| READING scroll labelled CAH PUTEUFEOJY.
  1013 | D:1      | 1013 ||| READING scroll labelled KUUVVO BETAOC.
  1014 | D:1      | 1014 ||| READING scroll labelled SURIEJIVOU.
  1014 | D:1      | 1014 ||| IDENTIFYING lumpy pink potion
  1015 | D:1      | 1015 ||| DRINKING 2 emerald potions.
  1016 | D:1      | 1016 ||| DROPPING scroll of butterflies.
  1017 | D:1      | 1017 ||| DROPPING potion of attraction.
  1025 | D:2      | Reached XP level 3. HP: 20/20 MP: 5/5
  1148 | D:2      | Noticed Terence
  1151 | D:2      | Killed Terence
  1152 | D:2      | Reached skill level 7 in Ranged Weapons
  1468 | D:2      | Reached XP level 4. HP: 25/25 MP: 6/6
  1498 | D:2      | Reached skill level 3 in Dodging
  1822 | D:2      | 1822 ||| UPGRADING to +0 scale mail.
  1832 | D:2      | 1832 ||| DROPPING +0 leather armour.
  1833 | D:2      | 1833 ||| READING scroll labelled EGIPEI PINLACS.
  1835 | D:2      | 1835 ||| Stepping ~*~*~tactically~*~*~ (cloud).
  1837 | D:2      | HP: 6/25 [poisoned by you (poison gas)]
  1841 | D:2      | HP: 2/25 [poisoned by you (poison gas)]
  1843 | D:2      | Succumbed to their own poison gas

Levels and vault maps discovered:
D:1:      psy_arrival_radial01, layout_basic, serial_shops, shop,
          ebering_dispersal_statue_hall, minmay_tromino_v4_a
D:2:      layout_loops_corners, kennysheep_generic_room_2, uniq_terence

Skill      XL: |  1  2  3  4 |
---------------+-------------+-----
Ranged Weapons | 6 7 |  7.4
Dodging        | 3 |  3.0
Fighting       | |  1.5
Stealth        | |  1.2

Action                     |  1- 3 |  4- 6 || total
---------------------------+-------+-------++-------
   Fire: Shortbow          |   102 |    27 ||   129
    Use: Scroll            |     4 |     1 ||     5
         Potion            |     1 |       ||     1
 Armour: Leather armour    |    14 |       ||    14
  Dodge: Dodged            |    17 |     1 ||    18

Table legend:
 A = Non-vault XP
 B = Vault XP
 C = Vault XP percentage of total XP
 D = Non-vault monster count
 E = Vault monster count
 F = Vault count percentage of total count
                 A         B        C        D         E       F
            +---------+---------+-------+---------+---------+-------
      Total |      82 |      40 |  32.8 |      43 |       5 |  10.4
            +---------+---------+-------+---------+---------+-------
        D:1 |      37 |       3 |   7.5 |      22 |       3 |  12.0
        D:2 |      45 |      37 |  45.1 |      21 |       2 |   8.7
            +---------+---------+-------+---------+---------+-------
